 Dungeon Crawl Stone Soup version 0.17-a0-1460-g8163d8a (webtiles) character file.

112 ewhitman the Cudgeler (level 4, -1/40 HPs)
             Began as a Minotaur Fighter on July 1, 2015.
             Slain by zeke's ghost (7 damage)
             ... on level 3 of the Dungeon.
             The game lasted 00:07:04 (1471 turns).

ewhitman the Cudgeler (Minotaur Fighter)            Turns: 1471, Time: 00:07:05

Health: -1/40      AC:  9    Str: 21    XL:     4   Next: 64%
Magic:  3/3        EV:  2    Int:  5    God:
Gold:   88         SH:  0    Dex: 10    Spells: 0 memorised, 3 levels left

rFire  . . .     SeeInvis .     a - +0 flail
rCold  . . .     Clarity  .     s - +0 chain mail
rNeg   . . .     SustAt   .     (no shield)
rPois  .         Gourm    .     (helmet restricted)
rElec  .         Spirit   .     (no cloak)
rCorr  .         Warding  .     (no gloves)
rMut   .         Stasis   .     (no boots)
MR     .....                    (no amulet)
Stlth  ..........               (no ring)
                                (no ring)

@: not resistant to hostile enchantments, extremely unstealthy
A: retaliatory headbutt, horns 2
a: no special abilities


You were on level 3 of the Dungeon.
You were not hungry.

You visited 1 branch of the dungeon, and saw 3 of its levels.

You collected 88 gold pieces.

Inventory:

Hand weapons
 a - a +0 flail (weapon)
Missiles
 o - 8 tomahawks (quivered)
Armour
 c - a +0 shield
 s - a +0 chain mail (worn)
Jewellery
 q - an uncursed ring of stealth {unknown}
Scrolls
 f - 2 scrolls of remove curse {unknown}
 j - a scroll of identify {unknown}
 k - a scroll of enchant armour {unknown}
 p - a scroll of teleportation {unknown}
 r - a scroll of magic mapping {unknown}
 u - 3 scrolls of fear {unknown}
Potions
 b - 2 potions of flight {unknown}
 d - 3 potions of might
 h - a potion of degeneration {unknown}
 i - a potion of brilliance {unknown}
 l - a potion of curing {unknown}
 m - a potion of ambrosia {unknown}
 n - a potion of haste {unknown}
Comestibles
 e - a bread ration
 g - a meat ration
 t - a royal jelly
 v - 3 chunks of flesh


   Skills:
 - Level 4.0 Fighting
 * Level 5.3 Maces & Flails
 - Level 3.9 Armour
 - Level 3.8 Shields


You had 3 spell levels left.
You didn't know any spells.

Dungeon Overview and Level Annotations

Branches:
Dungeon (3/15)

Altars:

Annotations:
D:3 zeke's ghost, average MiFi


Innate Abilities, Weirdness & Mutations

You reflexively headbutt those who attack you in melee.
You have a pair of horns on your head.


Message History

Zeke's ghost is lightly damaged.
Zeke's ghost hits you but does no damage.
You sock zeke's ghost!
Zeke's ghost is heavily damaged.
Zeke's ghost hits you.
You hit zeke's ghost.
Zeke's ghost is heavily damaged.
Zeke's ghost closely misses you.
You hit zeke's ghost but do no damage.
You headbutt zeke's ghost, but do no damage.
Zeke's ghost is heavily damaged.
Zeke's ghost hits you!
You hit zeke's ghost. You headbutt zeke's ghost!
Zeke's ghost is almost destroyed.
Zeke's ghost hits you!
* * * LOW HITPOINT WARNING * * *
Zeke's ghost hits you but does no damage.
You can't go down here!
Zeke's ghost hits you!
You die...

#. ..#
.#.##..#######
............>##
..............#
...............
.....w.........
...............
.......@.......
.$....W†.......
...............
#.............#
##............#
####.#.#######
#.#.# #.#.>


You could see a worm and zeke's ghost.

Vanquished Creatures
  Jessica (D:2)
  Natasha (D:2)
  Robin (D:2)
  3 giant geckos
  5 bats
  A giant cockroach (D:1)
  12 goblins
  8 hobgoblins
  4 jackals (D:2)
  3 kobolds
  3 quokkas (D:2)
  2 giant newts
  3 rats
47 creatures vanquished.

Notes
Turn   | Place    | Note
--------------------------------------------------------------
     0 | D:1      | ewhitman the Minotaur Fighter began the quest for the Orb.
     0 | D:1      | Reached XP level 1. HP: 19/19 MP: 0/0
   266 | D:1      | Reached XP level 2. HP: 27/27 MP: 1/1
   570 | D:2      | Reached skill level 4 in Fighting
   815 | D:2      | Noticed Jessica
   825 | D:2      | Killed Jessica
   825 | D:2      | Reached XP level 3. HP: 26/33 MP: 2/2
  1001 | D:2      | Noticed Robin
  1221 | D:2      | Noticed Natasha
  1224 | D:2      | Killed Natasha
  1224 | D:2      | Reached XP level 4. HP: 40/40 MP: 3/3
  1237 | D:2      | Reached skill level 5 in Maces & Flails
  1291 | D:2      | Killed Robin
  1419 | D:3      | Noticed zeke's ghost (average MiFi)
  1471 | D:3      | Slain by zeke's ghost

Vault maps used:
D:1:      dpeg_arrival_stonehenge_12_columns, minivault_25
D:2:      grunt_ministairs_15, uniq_natasha, uniq_jessica, uniq_robin
D:3:      first_bread

Action                   |  1- 3 |  4- 6 || total
-------------------------+-------+-------++-------
Melee: Flail             |    85 |    42 ||   127
Throw: Throwing net      |     1 |       ||     1
  Eat: Chunk             |     1 |     1 ||     2
